 Dungeon Sprint DCSS version 0.19.5 (webtiles) character file.

949 Snowbourne the Bewitcher (level 7, -6/32 HPs)
             Began as a Spriggan Enchanter on May 12, 2017.
             Mangled by a tyrant leech (30 damage)
             ... in the Dungeon (Sprint II: "The Violet Keep of Menkaure").
             The game lasted 00:01:56 (446 turns).

Snowbourne the Bewitcher (Spriggan Enchanter)        Turns: 446, Time: 00:01:57

Health: -6/32      AC:  3    Str:  4    XL:     7   Next: 89%
Magic:  8/12       EV: 18    Int: 14    God:
Gold:   729        SH:  0    Dex: 19    Spells: 4 memorised, 2 levels left

rFire  . . .     SeeInvis +     a - +1 dagger
rCold  . . .     Gourm    .     b - +1 robe
rNeg   . . .     Faith    .     (shield restricted)
rPois  .         Spirit   .     (helmet restricted)
rElec  .         Reflect  .     (no cloak)
rCorr  .         Harm     .     (gloves unavailable)
MR     +....     NoTele   +     (boots unavailable)
Stlth  ++++++....               (no amulet)
                                (no ring)
                                (no ring)

@: very quick
A: unfitting armour, see invisible, deterioration 1, dopey 1, herbivore 3, speed
3, slow metabolism 2, subdued magic 1
a: no special abilities


You were in the Dungeon.
You were not hungry.

You visited 1 branch You collected 729 gold pieces.

Inventory:

Hand Weapons
 a - a +1 dagger (weapon)
Armour
 b - a +1 robe (worn)
Scrolls
 j - a scroll of blinking
Potions
 e - a potion of curing
 f - a potion of heal wounds
 g - a potion of haste
Books
 c - a book of Maledictions

   Spells                             Type                      Level
   a - Corona                         Hexes                        1
   b - Ensorcelled Hibernation        Hexes/Ice                    2
   c - Confuse                        Hexes                        3
   d - Tukima's Dance                 Hexes                        3
   e - Dazzling Spray                 Conjuration/Hexes            3
Comestibles
 d - a bread ration


   Skills:
 - Level 1.1 Short Blades
 - Level 3.0 Dodging
 + Level 15.1 Stealth
 - Level 2.6 Spellcasting
 * Level 16.1 Hexes


You had 2 spell levels left.
You knew the following spells:

 Your Spells              Type           Power        Failure   Level  Hunger
a - Corona                Hex            #####..      0%          1    #......
b - Ensorcelled Hibernat  Hex/Ice        ###...       1%          2    ###....
c - Confuse               Hex            #####...     1%          3    ###....
d - Dazzling Spray        Conj/Hex       ###...       1%          3    ###....


Dungeon Overview and Level Annotations

Branches:
Dungeon (1/1)

Altars:


Innate Abilities, Weirdness & Mutations

You are very small and have problems with some larger weapons.
You are too small for most types of armour.
You have supernaturally acute eyesight. (SInv)
You are a herbivore.
You cover ground extremely quickly.
You need consume almost no food.
Your body sometimes deteriorates upon taking damage.
You are dopey. (Int -2)
Your spells are a little easier to cast, but a little less powerful.


Message History

HP restored.
Okay, then.
You open the door. 2 tyrant leeches come into view.
Found 243 gold pieces.
Casting: Ensorcelled Hibernation
Confirm with . or Enter, or press ? or * to list all spells.
Aiming: Ensorcelled Hibernation
Press: ? - help, Shift-Dir - straight line, f - tyrant leech
Aim: a tyrant leech (hasn't noticed you, chance to defeat MR: 31%)
The tyrant leech easily resists.
The tyrant leech bites you!
The tyrant leech draws strength from your injuries!
Casting: Ensorcelled Hibernation
Confirm with . or Enter, or press ? or * to list all spells.
Aiming: Ensorcelled Hibernation
Press: ? - help, Shift-Dir - straight line, f/p - tyrant leech
Aim: a tyrant leech (chance to defeat MR: 31%)
The tyrant leech easily resists.
The tyrant leech bites you!!
Ouch! That really hurt!
You die...

#+# ###.###
#†.#..#
####.#.####
#.###'###.##
#..##.##÷..#
+##.'.<.÷##.+
#.#.##@##...#
##.###w###.##
### w#. ###
.. .. ##. .##
## ##


You could see 2 tyrant leeches.

Vanquished Creatures
  4 neqoxecs (D)
  4 necrophages (D)
  4 worker ants (D)
12 creatures vanquished.

Vanquished Creatures (others)
  A crocodile (D)
1 creature vanquished.

Grand Total: 13 creatures vanquished

Notes
Turn   | Place    | Note
-------+----------+-------------------------------------------
     0 | D        | Snowbourne the Spriggan Enchanter began the quest for the Orb.
     0 | D        | Reached XP level 1. HP: 9/9 MP: 5/5
     1 | D        | Noticed a necrophage
     1 | D        | Noticed a necrophage
     1 | D        | Noticed a necrophage
     1 | D        | Noticed a necrophage
     7 | D        | Killed a necrophage
     7 | D        | Reached skill level 9 in Hexes
     7 | D        | Reached XP level 2. HP: 13/13 MP: 6/6
     7 | D        | Reached XP level 3. HP: 16/16 MP: 8/8
     7 | D        | Reached XP level 4. HP: 21/21 MP: 9/9
    12 | D        | Killed a necrophage
    12 | D        | Reached skill level 10 in Stealth
    12 | D        | Reached skill level 11 in Hexes
    12 | D        | Reached XP level 5. HP: 24/24 MP: 10/10
    21 | D        | Killed a necrophage
    21 | D        | Reached skill level 12 in Hexes
    25 | D        | Killed a necrophage
    25 | D        | Reached skill level 13 in Hexes
    25 | D        | Reached XP level 6. HP: 21/28 MP: 11/11
   165 | D        | Learned a level 2 spell: Ensorcelled Hibernation
   169 | D        | Learned a level 3 spell: Confuse
   173 | D        | Learned a level 3 spell: Dazzling Spray
   198 | D        | Noticed a neqoxec
   198 | D        | Noticed a neqoxec
   198 | D        | Noticed a neqoxec
   198 | D        | Noticed a neqoxec
   202 | D        | Killed a neqoxec
   202 | D        | Reached skill level 14 in Hexes
   202 | D        | Reached XP level 7. HP: 32/32 MP: 9/12
   202 | D        | Gained mutation: Your body sometimes deteriorates upon taking damage. [a neqoxec]
   207 | D        | Killed a neqoxec
   207 | D        | Reached skill level 15 in Hexes
   210 | D        | Killed a neqoxec
   210 | D        | Gained mutation: Your spells are a little easier to cast, but a little less powerful. [a neqoxec]
   225 | D        | Gained mutation: You are dopey. (Int -2) [a neqoxec]
   231 | D        | Killed a neqoxec
   231 | D        | Reached skill level 15 in Stealth
   231 | D        | Reached skill level 16 in Hexes
   444 | D        | Noticed a tyrant leech
   444 | D        | Noticed a tyrant leech
   446 | D        | Mangled by a tyrant leech

Skill      XL: |  1  2  3  4  5  6  7 |
---------------+----------------------+-----
Stealth        | 8 10 12 13 15 | 15.1
Hexes          | 9 11 13 14 16 | 16.1
Short Blades   | |  1.1
Dodging        | |  3.0
Spellcasting   | |  2.6

Action                   |  1- 3 |  4- 6 |  7- 9 || total
-------------------------+-------+-------+-------++-------
Melee: Dagger            |     4 |    22 |     4 ||    30
 Cast: Ensorcelled Hiber |       |     2 |    14 ||    16
  Use: Potion            |     1 |       |     2 ||     3
 Stab: Sleeping          |       |     5 |     3 ||     8
Armor: Robe              |       |       |     1 ||     1
Dodge: Dodged            |     3 |     5 |     6 ||    14
